 Dungeon Crawl Stone Soup version 0.28-a0-1002-gf00fe891ef (webtiles) character file.

Game seed: 583794949851796000

3317 tsouns the Cleaver (level 9, -11/75 HPs)
             Began as a Demonspawn Delver on Dec 7, 2021.
             Was an Elder of Qazlal.
             Mangled by Joseph (12 damage)
             ... on level 7 of the Dungeon.
             The game lasted 00:15:59 (6957 turns).

tsouns the Cleaver (Demonspawn Delver)              Turns: 6957, Time: 00:16:01

Health: -11/75     AC:  7    Str: 17    XL:     9   Next: 71%
Magic:  12/12      EV: 12    Int: 13    God:    Qazlal [****..]
Gold:   192        SH:  5    Dex: 15    Spells: 8/8 levels left

rFire   . . .      SeeInvis +   f - +2 dagger (venom)
rCold   + . .      Faith    .   (no shield)
rNeg    . . .      Spirit   .   i - +0 troll leather armour
rPois   .          Reflect  .   k - +0 helmet
rElec   .          Harm     .   p - +1 cloak
rCorr   .          Rampage  .   (no gloves)
Will    .....                   (no boots)
Stlth   ++........              (no amulet)
HPRegen 1.02/turn               l - ring of protection from cold
MPRegen 0.13/turn               a - ring of see invisible

@: repel missiles
A: hooves 1, big brain 1, demonic magic 1
a: Renounce Religion, Upheaval, Elemental Force


You were on level 7 of the Dungeon.
You worshipped Qazlal.
Qazlal was greatly pleased with you.
You visited 1 branch of the dungeon, and saw 7 of its levels.

You collected 342 gold pieces.
You spent 150 gold pieces at shops.

Inventory:

Hand Weapons
 f - a +2 dagger of venom (weapon)
 t - a +1 hand axe of draining
 v - a +0 broad axe
Missiles
 r - 6 javelins (quivered)
Armour
 h - the +1 robe "Rioq" {rF+ Str+7}
   (You found it on level 5 of the Dungeon)

   Str:       It affects your strength (+7).
   rF:        It protects you from fire.
 i - a +0 troll leather armour (worn)
 j - a +0 buckler
 k - a +0 helmet (worn)
 p - a +1 cloak (worn)
Jewellery
 a - a ring of see invisible (right hand)
 l - a ring of protection from cold (left hand)
Wands
 g - a wand of digging (3)
Scrolls
 b - a scroll of immolation
 c - a scroll of fog
 d - a scroll of magic mapping
 e - 4 scrolls of fear
Potions
 m - 2 potions of curing
 n - a potion of brilliance
 o - a potion of heal wounds
 q - 2 potions of cancellation
 s - a potion of ambrosia
 u - a potion of attraction {unknown}
 w - a potion of resistance {unknown}


   Skills:
 + Level 8.9 Fighting
 * Level 9.3 Axes
 - Level 1.7 Dodging
 - Level 4.5 Stealth
 + Level 2.6 Shields
 - Level 4.3 Invocations


You had 8 spell levels left.
You didn't know any spells.
Your spell library contained the following spells:

 Spells                   Type           Power      Damage    Failure   Level
 Static Discharge         Conj/Air       0%         N/A       50%         2
 Summon Guardian Golem    Hex/Summ       0%         N/A       75%         3
 Dispel Undead            Necr           0%         3d6       98%         4
 Sticky Flame             Conj/Fire      0%         2d3       98%         4
 Orb of Destruction       Conj           0%         N/A       100%        7
 Spellforged Servitor     Conj/Summ      0%         N/A       100%        7


Dungeon Overview and Level Annotations

Branches:
Dungeon (7/15)             Temple (0/1) D:5

Altars:
Qazlal
Wu Jian
Zin

Shops:
D:4 =

Annotations:
D:7 Joseph


Innate Abilities, Weirdness & Mutations

You have large cloven feet.
You have an unusually large brain. (Int +2)
Spells you cast may paralyse adjacent enemies.


Message History

Press: ? - help, Q - select action, (/) - cycle Shift-Dir - straight line, f - Joseph
Aim: Joseph, wielding a +0 hunting sling, wearing a +0 ring mail and quivering sling bullets (66% to hit)
You throw a javelin. The javelin pierces through Joseph.
Joseph is lightly wounded.
Joseph shoots a sling bullet.
You block the sling bullet.
Unknown command.
Throw: 7 javelins
Press: ? - help, Q - select action, (/) - cycle Shift-Dir - straight line, f/p - Joseph
Aim: Joseph, wielding a +0 hunting sling, wearing a +0 ring mail and quivering sling bullets (lightly wounded, 66% to hit)
You throw a javelin.
The javelin pierces through Joseph but does no damage.
Joseph is lightly wounded.
Joseph smiles happily.
Joseph shoots a sling bullet.
The sling bullet closely misses you.
Joseph shoots a sling bullet.
The sling bullet closely misses you.
Unknown command.
Joseph unwields a +0 hunting sling.
Joseph wields a +0 quarterstaff.
Joseph drinks a potion.
Joseph goes berserk!
Your +2 dagger of venom begins to drip with poison!
f - a +2 dagger of venom (weapon)
Joseph barely misses you.
Joseph hits you with a +0 quarterstaff!!
You hit Joseph. Your kick misses Joseph.
Joseph is lightly wounded.
You block Joseph's attack.
You hit Joseph but do no damage.
Joseph is poisoned.
You kick Joseph.
Joseph is lightly wounded.
Joseph closely misses you.
Joseph hits you with a +0 quarterstaff!!
You barely miss Joseph.
Joseph is lightly wounded.
Joseph hits you with a +0 quarterstaff!!
* * * LOW HITPOINT WARNING * * *
You hit Joseph but do no damage.
Joseph looks as sick as possible!
You kick Joseph.
Joseph is lightly wounded.
Joseph hits you with a +0 quarterstaff!!
* * * LOW HITPOINT WARNING * * *
Joseph hits you with a +0 quarterstaff!
You die...

##### #......
#...###.##...
#.#.#........
#...#.#..#.##
###.#.##.#... #......####
#...#......
#############..#### .
#.@...........#####
≈...###@###########......
#.≈...# ##### #.#####
≈.≈#≈.### #...# #.# #
≈≈≈≈. #...# #.##### ..≈♣≈
#...# #...... ≈≈ .. #...#
###..... . .♣ #####.#
#....... #≈ #..)..#
#.#.####


You could see Joseph (berserk, extremely poisoned).

Vanquished Creatures
  Sigmund (D:3)
  Duvessa (D:4)
  A black bear (D:5)
  4 ice beasts
  A necrophage (D:6)
  2 centaurs
  4 ogres
  3 phantoms
  A bullfrog (D:6)
  4 scorpions
  A water moccasin skeleton (D:5)
  Dowan (D:4)
  5 wights (D:6)
  A howler monkey (D:6)
  2 bullfrog zombies
  5 orc priests
  2 jellies
  2 gnoll shamans
  3 hounds
  A centaur skeleton (D:5)
  Natasha (twice) (D:3)
  2 iguanas
  6 orc wizards
  2 hound skeletons
  Robin (D:3)
  16 gnolls
  A howler monkey skeleton (D:5)
  11 adders
  A shadow imp (D:7)
  An ufetubus (D:5)
  2 adder skeletons (D:3)
  3 worms
  4 dart slugs
  22 orcs
  4 ball pythons
  10 endoplasms
  4 giant cockroaches
  13 goblins
  13 hobgoblins
  4 quokkas
  5 bats
  4 frilled lizards
  8 kobolds
  7 rats
191 creatures vanquished.

Vanquished Creatures (others)
  Natasha (D:3)
1 creature vanquished.

Grand Total: 192 creatures vanquished

Notes
Turn   | Place    | Note
-------+----------+-------------------------------------------
     0 | D:5      | tsouns the Demonspawn Delver began the quest for the Orb.
     0 | D:5      | Reached XP level 1. HP: 18/18 MP: 1/1
    13 | D:5      | Identified the +1 robe "Rioq" {rF+ Str+7}
    63 | D:4      | Noticed a phantom
    79 | D:4      | Reached skill level 2 in Axes
   149 | D:4      | Gained mutation: Spells you cast may paralyse adjacent
                  | enemies. [demonic ancestry]
   149 | D:4      | Reached XP level 2. HP: 14/24 MP: 2/2
   570 | D:1      | Reached XP level 3. HP: 25/29 MP: 3/3
  1228 | D:2      | Reached skill level 3 in Axes
  1231 | D:2      | Gained mutation: You have an unusually large brain. (Int
                  | +2) [demonic ancestry]
  1231 | D:2      | Reached XP level 4. HP: 8/37 MP: 4/4
  1479 | D:2      | Found a faded altar of an unknown god.
  2048 | D:2      | Prayed at the altar of an unknown god.
  2048 | D:2      | Became a worshipper of Qazlal Stormbringer
  2048 | D:2      | Reached * piety under Qazlal
  2225 | D:3      | Noticed Sigmund
  2247 | D:3      | Reached XP level 5. HP: 40/43 MP: 5/5
  2332 | D:3      | Noticed an ice beast
  2350 | D:3      | Killed Sigmund
  2351 | D:3      | Reached skill level 5 in Fighting
  2351 | D:3      | Reached skill level 4 in Axes
  2351 | D:3      | Reached XP level 6. HP: 51/51 MP: 6/6
  2422 | D:3      | Noticed Robin
  2436 | D:3      | Killed Robin
  2481 | D:3      | Reached ** piety under Qazlal
  2571 | D:3      | Noticed Natasha
  2586 | D:3      | Killed Natasha
  2600 | D:3      | Noticed Natasha
  2607 | D:3      | Killed Natasha
  2793 | D:3      | Noticed Natasha
  2800 | D:3      | Killed Natasha
  2930 | D:4      | Found Yxeac's Jewellery Emporium.
  2995 | D:4      | Noticed Dowan
  2998 | D:4      | Noticed Duvessa
  3021 | D:4      | Killed Duvessa
  3022 | D:4      | Reached skill level 5 in Axes
  3022 | D:4      | Reached XP level 7. HP: 27/58 MP: 7/7
  3026 | D:4      | Killed Dowan
  3175 | D:4      | Noticed an angel
  3575 | D:5      | Reached skill level 6 in Axes
  3700 | D:5      | Reached skill level 1 in Invocations
  3720 | D:5      | Reached XP level 8. HP: 63/67 MP: 7/9
  3756 | D:5      | Found a staircase to the Ecumenical Temple.
  4113 | D:5      | Found an ornate altar of the Wu Jian Council.
  4283 | D:5      | Reached skill level 7 in Axes
  4473 | D:5      | Reached *** piety under Qazlal
  5104 | D:6      | Gained mutation: You have large cloven feet. [demonic
                  | ancestry]
  5104 | D:6      | Reached XP level 9. HP: 74/74 MP: 12/12
  5110 | D:6      | Reached skill level 8 in Axes
  5395 | D:4      | Bought a ring of see invisible for 150 gold pieces
  5765 | D:6      | Reached skill level 1 in Shields
  6048 | D:6      | Reached **** piety under Qazlal
  6522 | D:7      | Reached skill level 9 in Axes
  6942 | D:7      | Noticed Joseph
  6957 | D:7      | HP: 1/75 [Joseph (20)]
  6957 | D:7      | Mangled by Joseph

Illustrated notes

Levels and vault maps discovered:
D:1:      giann_horns, layout_basic
D:2:      layout_rooms, basic_ecumenical_altar, minmay_surrounded
D:3:      layout_basic, uniq_natasha, uniq_robin, uniq_sigmund
D:4:      layout_rooms, zin_angel, serial_shops, shop_fountains,
          minmay_distorted, uniq_duvessa
D:5:      layout_basic, mainiacjoe_overflow_boulevard,
          minmay_temple_entry_large_hall, minmay_starry_boxes
D:6:      layout_layer_cave
D:7:      layout_basic, mainiacjoe_overflow_alcove_4,
          chequers_serial_rivers_marsh, uniq_joseph

Skill      XL: |  1  2  3  4  5  6  7  8  9 |
---------------+----------------------------+-----
Axes           | 2 3 4 5 6 7 9 |  9.3
Fighting       | 4 5 6 7 8 |  8.9
Invocations    | 1 4 |  4.3
Shields        | 2 |  2.6
Dodging        | |  1.7
Stealth        | |  4.5

Action                   |  1- 3 |  4- 6 |  7- 9 || total
-------------------------+-------+-------+-------++-------
Melee: Hand axe          |    89 |   108 |   154 ||   351
       Dagger            |       |    96 |    63 ||   159
       War axe           |       |       |   130 ||   130
       Broad axe         |       |       |   146 ||   146
       Kick              |       |       |    52 ||    52
Throw: Javelin           |       |       |     2 ||     2
  Use: Scroll            |     1 |     4 |     7 ||    12
       Potion            |     1 |     2 |     3 ||     6
 Stab: Sleeping          |     4 |     6 |       ||    10
       Invisible         |       |     1 |       ||     1
Armor: Robe              |    25 |    14 |       ||    39
       Troll leather arm |       |    57 |   161 ||   218
Dodge: Dodged            |    52 |   119 |   277 ||   448
Block: Other             |       |    14 |    70 ||    84
       Buckler           |       |       |     5 ||     5

Table legend: (Time is in decaauts)
 A = Elapsed time spent in this place.
 B = Non-inter-level travel time spent in this place.
 C = Inter-level travel time spent in this place.
 D = Time resting spent in this place.
 E = Time spent auto-exploring this place.
 F = Levels seen in this place.
 G = Mean time per level.
                   A        B        C        D        E       F      G
               +--------+--------+--------+--------+--------+-----+--------+
         Total |   6996 |   6724 |    272 |    125 |   4643 |   7 |  999.4 |
       Dungeon |   6996 |   6724 |    272 |    125 |   4643 |   7 |  999.4 |
               +--------+--------+--------+--------+--------+-----+--------+

Top non-repeatable levels by time:
     D:6: 1455 daAuts
     D:5: 1407 daAuts
     D:4: 1022 daAuts
     D:2: 968 daAuts
     D:3: 867 daAuts
     D:1: 805 daAuts
     D:7: 469 daAuts
